 Dungeon Crawl Stone Soup version 0.28-a0-1629-gf728b707aa (webtiles) character file.

Game seed: 1329249098838019139

522 porpoise the Sneak (level 7, -2/50 HPs)
             Began as an Octopode Brigand on Jan 25, 2022.
             Splashed by a jelly's acid (5 damage)
             ... on level 5 of the Dungeon.
             The game lasted 00:15:10 (4709 turns).

porpoise the Sneak (Octopode Brigand)               Turns: 4709, Time: 00:15:10

Health: -2/50      AC: -11   Str: 13    XL:     7   Next: 22%
Magic:  7/7        EV: 16    Int: 13    God:
Gold:   198        SH:  5    Dex: 13    Spells: 6/6 levels left

rFire   . . .      SeeInvis .   e - +2 whip (elec)
rCold   . . .      Faith    .   (no shield)
rNeg    . . .      Spirit   .   (helmet restricted)
rPois   +          Reflect  +   n - amulet of reflection
rElec   .          Harm     .   j - +4 ring of evasion
rCorr   .          Rampage  .   o - ring of poison resistance
Will    .....                   (no ring)
Stlth   ++++......              (no ring)
HPRegen 0.16/turn               (no ring)
MPRegen 0.10/turn               (no ring)
                                (no ring)
                                (no ring)

@: mighty, corroded, studying Slings
A: almost no armour, amphibious, 8 rings, camouflage 1, gelatinous body 1,
(nimble swimmer 1), tentacles
a: no special abilities


You were on level 5 of the Dungeon.
You visited 1 branch of the dungeon, and saw 5 of its levels.

You collected 198 gold pieces.

Inventory:

Hand Weapons
 a - a +0 short sword of venom
 b - the +8 hunting sling "Coxzirau" {speed, SInv}
   (You found it on level 3 of the Dungeon)

   Attacks with this weapon are significantly faster.
   SInv:      It lets you see invisible.
 e - a +2 whip of electrocution (weapon)
 w - a +2 dagger
 x - the +9 whip of the People {freeze, Drain rC+ Str+3}
   (You found it on level 4 of the Dungeon)

   It freezes those it strikes, dealing additional cold damage.
   It can also slow down cold-blooded creatures.
   Str:       It affects your strength (+3).
   rC:        It protects you from cold.
   Drain:     It drains your maximum health when unequipped.
Missiles
 c - 2 curare-tipped darts
 d - 188 stones
 f - 49 bolts
 h - 96 arrows
 r - 12 poisoned darts (quivered)
 v - 3 boomerangs
 B - 4 silver boomerangs
Jewellery
 j - a +4 ring of evasion (left tentacle)
 n - an amulet of reflection (around mantle)
 o - a ring of poison resistance (right tentacle)
 y - an amulet of faith
Wands
 l - a wand of digging (7)
 m - a wand of paralysis (2)
Scrolls
 k - 2 scrolls of teleportation {unknown}
 p - a scroll of noise {unknown}
 s - a scroll of identify {unknown}
 t - a scroll of vulnerability {unknown}
 u - a scroll of enchant armour {unknown}
Potions
 g - a potion of flight {unknown}
 i - 2 potions of curing
 q - a potion of might
 z - a potion of degeneration {unknown}
 A - a potion of cancellation {unknown}


   Skills:
 * Level 5.0 Fighting
 - Level 4.0 Short Blades
 * Level 3.4(3.7) Slings
 - Level 2.0(3.0) Throwing
 - Level 1.0 Dodging
 + Level 7.3 Stealth


You had 6 spell levels left.
You didn't know any spells.
Your spell library contained the following spells:

 Spells                   Type           Power      Damage    Failure   Level
 Summon Small Mammal      Summ           0%         N/A       30%         1
 Call Canine Familiar     Summ           0%         N/A       67%         3
 Summon Guardian Golem    Hex/Summ       0%         N/A       67%         3


Dungeon Overview and Level Annotations

Branches:
Dungeon (5/15)
 Temple: D:4-7

Altars:
Makhleb


Innate Abilities, Weirdness & Mutations

You cannot wear most types of armour.
You are amphibious.
You can wear up to eight rings at the same time.
Your skin changes colour to match your surroundings (Stealth+).
Your rubbery body absorbs attacks. (AC +1, EV +1)
((You are camouflaged when in or above water. (Stealth+)))
You have tentacles for arms and can constrict up to eight enemies at once.


Message History

The hound is moderately wounded.
You shoot a stone. The stone hits the hound!
The hound is almost dead.
You shoot a stone. The stone hits the hound.
You kill the hound!
Found a stone staircase leading down.
d - 187 stones (gained 1)
You see here a hound corpse.
d - 188 stones (gained 1)
d - 189 stones (gained 1)
A jelly comes into view.
You shoot a stone. The stone completely misses the jelly.
You hear the crackle of electricity.
e - a +2 whip of electrocution (weapon)
You hit the jelly.
Your tentacles burn!
The jelly is moderately wounded.
You block the jelly's attack.
You hit the jelly. The acid corrodes you!
Your tentacles burn!
The jelly is moderately wounded.
The jelly hits you. The acid corrodes you!
You are splashed with acid!
You hit the jelly but do no damage.
Your tentacles burn!
The jelly is moderately wounded.
The jelly barely misses you. The jelly hits you.
You are splashed with acid!
You are too injured to fight recklessly!
You are too injured to fight recklessly!
You hit the jelly but do no damage.
Your tentacles burn!
The jelly is moderately wounded.
The jelly hits you. The acid corrodes you!
You are splashed with acid!
* * * LOW HITPOINT WARNING * * *
It was a potion of curing.
You feel better. The jelly misses you.
It was a potion of might.
You feel very mighty all of a sudden. The jelly hits you.
* * * LOW HITPOINT WARNING * * *
You are splashed with acid!
* * * LOW HITPOINT WARNING * * *
Okay, then.
Unknown command.
You hit the jelly but do no damage.
Your tentacles burn!
You die...

...#..#..#....#.######..# ..#
#.#...###.....#.# #..###..#
.#.).#...#....#.######.#...#.##.
.#.)#.....#.....................
####..........#...........#
.#..#.....#..##..#####.##.#
.#...#...#.......# #.# (#
#.#...###...####J# #.# .#
)..#..#..#..# #@# #.# .#
....###...#.# #.# #.. .#
....#..#....## #.# ##. .#
....#...#....# #.# . .#
...#.#.......# #.#####...
#.#...#......###<.......
....................##..
######...##########.# ##.## #


You could see a jelly.

Vanquished Creatures
  3 centaurs (D:4)
  A hound (D:5)
  2 orc priests
  3 gnolls (D:5)
  5 adders
  An ufetubus (D:4)
  A worm (D:2)
  2 dart slugs (D:1)
  14 orcs
  4 bats
  15 endoplasms
  3 giant cockroaches (D:2)
  6 goblins
  14 hobgoblins
  5 jackals
  3 quokkas
  6 ball pythons
  3 frilled lizards
  5 kobolds
  6 rats
102 creatures vanquished.

Vanquished Creatures (others)
  2 fungi (D:5)
2 creatures vanquished.

Grand Total: 104 creatures vanquished

Notes
Turn   | Place    | Note
-------+----------+-------------------------------------------
     0 | D:1      | porpoise the Octopode Brigand began the quest for the Orb.
     0 | D:1      | Reached XP level 1. HP: 14/14 MP: 1/1
   156 | D:1      | Reached XP level 2. HP: 17/19 MP: 2/2
   523 | D:1      | Found a faded altar of an unknown god.
   607 | D:1      | Reached XP level 3. HP: 25/25 MP: 3/3
  1350 | D:2      | Reached XP level 4. HP: 29/31 MP: 4/4
  1793 | D:3      | Found a burning altar of Makhleb.
  2873 | D:3      | Reached skill level 6 in Stealth
  2876 | D:3      | Identified the +8 hunting sling "Coxzirau" {speed, SInv}
  2928 | D:4      | Noticed a centaur
  2933 | D:4      | Killed a centaur
  2934 | D:4      | Reached XP level 5. HP: 37/37 MP: 5/5
  3107 | D:4      | Noticed a centaur
  3109 | D:4      | Killed a centaur
  3109 | D:4      | Noticed a centaur
  3110 | D:4      | Reached XP level 6. HP: 36/43 MP: 6/6
  3126 | D:4      | Reached skill level 1 in Slings
  3466 | D:4      | Reached skill level 7 in Stealth
  3846 | D:4      | Identified the +9 whip of the People {freeze, Drain rC+
                  | Str+3}
  4067 | D:4      | Found Vuedeex's One-of-a-Kind Rings.
  4294 | D:5      | Entered Level 5 of the Dungeon
  4328 | D:5      | Reached XP level 7. HP: 35/49 MP: 7/7
  4635 | D:5      | Reached skill level 5 in Fighting
  4709 | D:5      | Splashed by a jelly's acid

Illustrated notes

Levels and vault maps discovered:
D:1:      erik_arrival_triangle_medium, layout_rooms,
          ebering_ecumenical_altar_webs, st_stairs_1, serial_bayou_pond_a
D:2:      layout_basic, kennysheep_generic_room_16
D:3:      cheibrodos_helix_gallery, layout_basic, mainiacjoe_overflow_paths,
          minmay_puff
D:4:      layout_rooms, grunt_decor_cap, nicolae_shop_unique_rings,
          minmay_manual_mares
D:5:      layout_loops_ring, minmay_splitting_lines, uniq_sigmund,
          uniq_crazy_yiuf_cottage, uniq_grinder

Skill      XL: |  1  2  3  4  5  6  7 |
---------------+----------------------+-----
Fighting       | 3 4 5 |  5.0
Short Blades   | 3 4 |  4.0
Stealth        | 6 7 |  7.3
Slings         | 2 3 |  3.4
Throwing       | |  2.0
Dodging        | |  1.0

Action                   |  1- 3 |  4- 6 |  7- 9 || total
-------------------------+-------+-------+-------++-------
Melee: Dagger            |    60 |    65 |    11 ||   136
       Tentacles         |    14 |    18 |     3 ||    35
       Constrict         |    11 |    12 |     3 ||    26
       Short sword       |       |     9 |     4 ||    13
       Punch             |       |     1 |       ||     1
       Whip              |       |       |     5 ||     5
 Fire: Hunting sling     |       |    45 |     5 ||    50
Throw: Dart              |     1 |       |       ||     1
  Use: Potion            |       |       |     2 ||     2
 Stab: Sleeping          |    19 |     9 |     2 ||    30
Armor: Skin              |     1 |     3 |     1 ||     5
Dodge: Dodged            |    18 |    37 |     7 ||    62
Block: Other             |       |    10 |     3 ||    13
       Reflection        |       |     1 |       ||     1

Table legend: (Time is in decaauts)
 A = Elapsed time spent in this place.
 B = Non-inter-level travel time spent in this place.
 C = Inter-level travel time spent in this place.
 D = Time resting spent in this place.
 E = Time spent auto-exploring this place.
 F = Levels seen in this place.
 G = Mean time per level.
                   A        B        C        D        E       F      G
               +--------+--------+--------+--------+--------+-----+--------+
         Total |   4658 |   4583 |     75 |   1646 |   1988 |   5 |  931.6 |
       Dungeon |   4658 |   4583 |     75 |   1646 |   1988 |   5 |  931.6 |
               +--------+--------+--------+--------+--------+-----+--------+

Top non-repeatable levels by time:
     D:4: 1340 daAuts
     D:3: 1289 daAuts
     D:2: 826 daAuts
     D:1: 796 daAuts
     D:5: 406 daAuts
